 Dungeon Crawl Stone Soup version 0.23.1-37-gaa34b87b72 (webtiles) character file.

Game seed: 1822739971669348409

149 Morbidden the Slasher (level 5, -11/40 HPs)
             Began as a Demonspawn Gladiator on Mar 23, 2019.
             Mangled by an ogre
             ... wielding a +0 giant spiked club
              (16 damage)
             ... on level 3 of the Dungeon.
             The game lasted 00:02:54 (2502 turns).

Morbidden the Slasher (Demonspawn Gladiator)        Turns: 2502, Time: 00:02:54

Health: -11/40     AC: 13    Str: 13 (15) XL:     5   Next: 9%
Magic:  5/5        EV:  4    Int:  7 (9)  God:
Gold:   118        SH:  0    Dex: 12 (15) Spells: 4/4 levels left

rFire    . . .     SeeInvis .   a - +0 long sword
rCold    . . .     Gourm    .   (no shield)
rNeg     . . .     Faith    .   o - +0 plate armour
rPois    .         Spirit   .   c - +0 helmet
rElec    .         Reflect  .   l - scarf {repulsion}
rCorr    .         Harm     .   (no gloves)
MR       .....                  (no boots)
Stlth    ..........             (no amulet)
HPRegen  0.13/turn              (no ring)
MPRegen  0.09/turn              (no ring)

@: confused, repel missiles
A: iridescent scales 1, nightstalker 1
a: no special abilities


You were on level 3 of the Dungeon.
You were not hungry.

You visited 1 branch of the dungeon, and saw 3 of its levels.

You collected 118 gold pieces.

Inventory:

Hand Weapons
 a - a +0 long sword (weapon)
Missiles
 d - 3 throwing nets (quivered)
Armour
 c - a +0 helmet (worn)
 l - a scarf of repulsion (worn)
 o - a +0 plate armour (worn)
Scrolls
 b - a scroll of teleportation {unknown}
 e - 3 scrolls of identify {unknown}
 g - 4 scrolls of fear {unknown}
 i - a scroll of blinking {unknown}
 n - 2 scrolls of magic mapping {unknown}
Potions
 j - 2 potions of degeneration
 m - a potion of agility {unknown}
Comestibles
 f - 4 rations


   Skills:
 * Level 2.8 Fighting
 * Level 4.2 Long Blades
 + Level 1.9 Throwing
 + Level 1.1 Armour
 + Level 3.0 Dodging
 + Level 0.7 Stealth


You had 4 spell levels left.
You didn't know any spells.
Your spell library was empty.

Dungeon Overview and Level Annotations

Branches:
Dungeon (3/15)

Altars:
Ashenzari


Innate Abilities, Weirdness & Mutations

You are partially covered in iridescent scales. (AC +2)
You are slightly more attuned to the shadows.


Message History

Unknown command.
It was a potion of degeneration.
There was something very wrong with that liquid.
You feel weakened.
You feel dopey.
You feel clumsy. The leopard gecko bites you.
* * * LOW HITPOINT WARNING * * *
The leopard gecko bites you but does no damage. x2
Unknown command.
You feel better.
The ogre hits you with a +0 giant spiked club!
* * * LOW HITPOINT WARNING * * *
The leopard gecko bites you but does no damage. x2
Unknown command.
Okay, then.
It was a potion of ambrosia.
You are confused.
You feel invigorated.
The leopard gecko bites you but does no damage. x2
The ogre hits you with a +0 giant spiked club!
You die...

#..#.#.#..#......###
......<............###
#..#.#....#..........#
#..#.#.#......###....#
...#<#.######## #....#
..####.# #######....#.
### .# #.....†)......
# .# #....llO....... #
#.....@........
#...........#$.
##########+##..


You could see an ogre and 2 leopard geckos.

Vanquished Creatures
  A bullfrog (D:2)
  A worker ant zombie (D:3)
  A worm (D:2)
  A dart slug (D:2)
  2 leopard geckos (D:2)
  An orc (D:3)
  2 ball pythons (D:2)
  5 bats
  3 giant cockroaches
  10 goblins
  5 hobgoblins
  9 jackals (D:1)
  8 kobolds
  2 quokkas (D:2)
  3 frilled lizards
  7 rats
61 creatures vanquished.

Notes
Turn   | Place    | Note
-------+----------+-------------------------------------------
     0 | D:1      | Morbidden the Demonspawn Gladiator began the quest for the
                  | Orb.
     0 | D:1      | Reached XP level 1. HP: 16/16 MP: 1/1
    39 | D:1      | Reached skill level 3 in Long Blades
    52 | D:1      | Gained mutation: You are slightly more attuned to the
                  | shadows. [demonic ancestry]
    52 | D:1      | Reached XP level 2. HP: 20/22 MP: 2/2
   484 | D:1      | Found a shattered altar of Ashenzari.
   507 | D:1      | Reached XP level 3. HP: 3/27 MP: 3/3
  1742 | D:2      | Noticed a bullfrog
  1756 | D:2      | Killed a bullfrog
  1756 | D:2      | Reached skill level 4 in Long Blades
  1756 | D:2      | Reached skill level 1 in Armour
  1756 | D:2      | Reached XP level 4. HP: 14/34 MP: 4/4
  2451 | D:3      | Gained mutation: You are partially covered in iridescent
                  | scales. (AC +2) [demonic ancestry]
  2451 | D:3      | Reached XP level 5. HP: 39/40 MP: 5/5
  2491 | D:3      | Noticed an ogre
  2501 | D:3      | HP: 1/40 [ogre/+0 giant spiked club (17)]
  2502 | D:3      | Mangled by an ogre

Skill      XL: |  1  2  3 |
---------------+----------+-----
Long Blades    | 3 4 |  4.2
Armour         | 1 |  1.1
Dodging        | 3 |  3.0
Fighting       | |  2.8
Throwing       | |  1.9
Stealth        | |  0.7

Action                   |  1- 3 |  4- 6 || total
-------------------------+-------+-------++-------
Melee: Long sword        |   123 |    32 ||   155
  Use: Potion            |     1 |     3 ||     4
 Stab: Sleeping          |     5 |       ||     5
  Eat: Chunk             |     3 |     2 ||     5
Armor: Leather armour    |    38 |       ||    38
       Chain mail        |    20 |    11 ||    31
       Plate armour      |       |    23 ||    23
Dodge: Dodged            |   102 |    16 ||   118
       Rpst.: Long sword |    33 |     7 ||    40
